Map: Eflorescencia EE

Players

plecuss

  • Race: Protoss Protoss
  • Spawn Location: 9:00

xxJETHROxx

  • Race: Terran Terran
  • League: Gold
  • Spawn Location: 6:00

MrFercho

  • Race: Zerg Zerg
  • Spawn Location: 3:00

tigro

  • Race: Terran Terran
  • League: Bronze
  • Spawn Location: 12:00

VOD

Have the link to the VOD?

Description

Time

  • Played on: June 11, 2020, 10:32 p.m.
  • Length: 16:16
Show
View Real Time Build Order
Export as new Build Order

plecuss Protoss 

Build Orders: Carriers 

Get SALT Encoding   

  12  0:02  Probe  
  13  0:16  Pylon  
  13  0:21  Probe  
  14  0:33  Probe  
  15  0:42  Forge  
  15  0:47  Probe  
  16  0:51  Assimilator  
  16  0:56  Assimilator  
  16  0:59  Probe  
  17  1:11  Probe, Gateway  
  18  1:19  Probe  
  19  1:29  Photon Cannon  
  19  1:38  Probe  
  19  1:46  Probe  
  21  1:56  Probe  
  21  1:59  Gateway  
  22  2:08  Probe  
  23  2:21  Pylon  
  23  2:24  Pylon  
  23  2:27  Pylon  
  23  2:30  Pylon  
  23  2:40  Probe  
  24  2:46  Nexus  
  24  2:52  Pylon  
  24  3:07  Cybernetics Core  
  24  3:13  Pylon  
  24  3:19  Pylon  
  24  3:40  Assimilator  
  24  3:44  Assimilator  
  24  4:09  Gateway  
  24  4:11  Probe, Gateway  
  24  4:15  Stargate  
  25  4:17  Stargate  
  25  4:18  Probe  
  25  4:20  Probe  
  27  4:26  Probe  
  27  4:29  Probe  
  28  4:35  Probe  
  30  4:41  Probe  
  30  4:44  Photon Cannon  
  31  4:47  Probe, Photon Cannon  
  32  4:57  Photon Cannon  
  32  5:03  Photon Cannon  
  32  5:06  Probe  
  32  5:12  Probe  
  33  5:14  Probe  
  33  5:20  Probe  
  35  5:24  Probe  
  37  5:30  Probe  
  38  5:36  Probe  
  38  5:41  Fleet Beacon  
  38  5:42  Probe  
  40  5:45  Pylon  
  40  5:48  Probe  
  41  5:52  Stargate  
  41  6:00  Probe  
  42  6:05  Fleet Beacon  
  42  6:11  Photon Cannon  
  42  6:12  Protoss Shields Level 1  
  42  6:23  Protoss Air Weapons Level 1  
  42  6:27  Probe  
  43  6:35  Probe  
  44  6:44  Probe, Stargate  
  44  6:46  Carrier  
  50  6:47  Carrier  
  51  6:56  Probe  
  58  7:09  Probe, Carrier  
  65  7:37  Stargate  
  65  7:42  Pylon  
  65  7:47  Pylon  
  65  7:51  Carrier  
  71  8:00  Carrier  
  71  8:01  Robotics Facility  
  71  8:05  Carrier  
  83  8:22  Protoss Air Armor Level 1  
  83  8:43  Pylon  
  83  8:53  Photon Cannon  
  83  8:56  Photon Cannon  
  83  8:59  Observer  
  84  9:08  Nexus  
  84  9:14  Pylon  
  84  9:16  Pylon, Carrier  
  90  9:23  Assimilator  
  90  9:28  Assimilator  
  90  9:38  Observer  
  91  9:42  Carrier  
  97  9:51  Carrier  
  103  9:59  Observer  
  104  10:05  Protoss Air Weapons Level 2  
  74  10:49  Carrier  
  80  10:50  Carrier  
  80  10:51  Probe  
  87  10:59  Probe  
  88  11:08  Probe, Carrier  
  95  11:20  Probe  
  95  11:22  Carrier  
  102  11:32  Probe  
  103  11:33  Tempest  
  108  11:49  Nexus  
  108  11:51  Pylon  
  108  11:54  Pylon  
  108  11:58  Flux Vanes  
  108  11:59  Carrier  
  108  12:01  Tempest  
  119  12:23  Protoss Air Armor Level 2  
  119  12:38  Assimilator  
  119  12:51  Robotics Bay  
  119  12:52  Carrier  
  119  12:56  Assimilator  
  125  12:59  Probe  
  126  13:07  Probe  
  127  13:17  Probe  
  128  13:29  Probe  
  129  13:41  Probe  
  124  14:22  Tempest, Carrier x2  
  124  14:23  Tempest  
  146  14:26  Tempest  
  146  14:28  Probe  
  151  14:36  Probe  
  141  14:45  Probe  
  142  14:58  Probe  
  143  15:05  Carrier  
  149  15:09  Carrier  
  149  15:10  Probe  
Show
View Real Time Build Order
Export as new Build Order

xxJETHROxx Terran 

Build Orders: 2 Factory, Liberator Opening, Mech 

Get SALT Encoding   

  12  0:01  SCV  
  13  0:13  SCV  
  14  0:21  Supply Depot  
  14  0:32  SCV  
  15  0:44  SCV  
  15  0:45  Barracks  
  15  0:49  Refinery  
  16  0:56  SCV  
  17  1:08  SCV  
  18  1:20  SCV  
  19  1:26  Refinery  
  20  1:34  Orbital Command  
  20  1:39  Supply Depot  
  19  1:43  Marine  
  20  2:13  Command Center  
  20  2:15  SCV  
  21  2:17  Marine  
  22  2:23  Factory  
  22  2:27  SCV  
  23  2:37  Barracks Reactor  
  23  2:39  SCV  
  25  2:51  SCV  
  25  2:53  Factory  
  25  3:03  SCV  
  26  3:08  Factory Reactor  
  26  3:15  SCV, Marine x2  
  26  3:16  Starport  
  29  3:27  SCV, Orbital Command  
  30  3:37  Marine x2  
  30  3:39  SCV  
  33  3:50  Factory Tech Lab  
  33  3:53  Widow Mine  
  33  3:54  Widow Mine  
  37  3:59  Liberator  
  40  4:04  SCV x2  
  40  4:07  Supply Depot  
  42  4:16  SCV x2  
  44  4:23  Armory  
  44  4:28  SCV x2  
  44  4:31  Refinery  
  46  4:40  SCV  
  46  4:45  Siege Tank  
  50  4:48  Supply Depot  
  50  4:50  Starport Tech Lab  
  50  5:00  SCV x2  
  52  5:07  Refinery  
  52  5:11  Armory  
  52  5:12  SCV  
  52  5:13  SCV  
  54  5:15  Supply Depot, Marine x2  
  56  5:24  SCV  
  56  5:25  SCV  
  56  5:27  Siege Tank  
  61  5:37  SCV  
  62  5:53  Thor  
  68  5:58  Supply Depot  
  68  6:19  Siege Tank  
  68  6:24  Supply Depot  
  68  6:32  SCV, Factory  
  69  6:34  Marine  
  69  6:35  Marine  
  69  6:36  Siege Tank  
  74  6:41  Terran Vehicle Weapons Level 1  
  74  6:43  Terran Vehicle And Ship Armor Level 1  
  74  6:51  Siege Tank  
  74  6:52  Marine x2  
  79  7:10  Marine x2  
  79  7:13  Supply Depot  
  81  7:24  Factory Tech Lab  
  81  7:28  Marine x2  
  83  7:34  Thor  
  89  7:46  Marine x2  
  89  7:48  SCV x2  
  93  8:00  SCV x2  
  91  8:08  Thor  
  91  8:09  Command Center  
  91  8:12  SCV  
  89  8:20  Supply Depot  
  89  8:41  Thor x2  
  89  8:43  Supply Depot, Terran Vehicle Weapons Level 2  
  101  8:52  Terran Vehicle And Ship Armor Level 2  
  101  9:04  Thor  
  101  9:06  Supply Depot  
  107  9:12  Refinery  
  107  9:24  Thor  
  107  9:30  Supply Depot  
  113  9:32  SCV x2  
  113  9:37  Refinery  
  116  9:39  Orbital Command  
  116  9:44  SCV x2  
  116  9:45  Thor  
  123  9:47  Thor  
  129  9:53  Supply Depot  
  129  9:56  SCV x2  
  114  10:06  Thor  
  108  10:08  SCV x2  
  101  10:16  Supply Depot  
  101  10:33  Thor x2  
  89  11:04  Thor  
  95  11:15  Terran Vehicle Weapons Level 3  
  95  11:16  Thor  
  101  11:27  Thor  
  101  11:31  Marine x2  
  109  11:47  Command Center  
  109  11:48  Marine  
  109  11:49  Marine  
  111  12:00  Thor x2  
  111  12:01  Barracks  
  123  12:06  Marine x2  
  123  12:07  Liberator  
  128  12:10  Liberator  
  131  12:24  SCV x2, Marine x2  
  131  12:25  SCV  
  136  12:36  SCV  
  136  12:37  SCV x2  
  139  12:42  Marine x2  
  141  12:48  SCV  
  141  12:50  Barracks, Liberator  
  145  12:53  Liberator  
  145  12:58  Thor x2  
  148  13:00  Marine  
  144  13:19  Hellion  
  137  13:38  Barracks  
  137  13:40  Thor  
  143  13:42  Thor x2  
  149  14:19  Refinery  
  149  14:21  Refinery  
  149  14:23  Thor x9  
  143  14:25  Thor  
Show
View Real Time Build Order
Export as new Build Order

MrFercho Zerg 

Build Orders: Hatch First 

Get SALT Encoding   

  12  0:01  Drone  
  13  0:10  Drone  
  14  0:35  Overlord  
  14  0:54  Hatchery  
  13  1:05  Drone x3  
  16  1:16  Spawning Pool  
  15  1:20  Drone  
  16  1:27  Drone  
  17  1:38  Drone  
  18  1:49  Overlord  
  18  1:52  Extractor  
  17  1:59  Drone  
  18  2:06  Queen x2  
  18  2:08  Drone  
  23  2:13  Drone  
  24  2:20  Drone  
  24  2:21  Drone  
  26  2:28  Drone  
  27  2:34  Drone  
  28  2:38  Drone  
  28  2:42  Drone  
  30  2:48  Roach Warren  
  30  2:50  Queen  
  31  2:53  Drone  
  31  2:56  Drone  
  33  3:03  Lair  
  33  3:10  Evolution Chamber, Drone  
  33  3:14  Drone  
  33  3:17  Drone  
  35  3:20  Drone  
  35  3:23  Overlord  
  36  3:27  Overlord  
  36  3:32  Overlord  
  36  3:52  Drone x4  
  36  3:53  Drone  
  43  3:55  Drone x2  
  43  4:21  Drone x6  
  49  4:28  Zerg Missile Weapons Level 1  
  49  4:33  Hydralisk Den  
  49  4:38  Extractor  
  47  4:42  Extractor  
  46  4:49  Roach  
  46  4:50  Roach x3  
  54  4:54  Drone x3  
  57  5:03  Drone  
  58  5:13  Drone x2  
  60  5:16  Overlord x4  
  60  5:24  Hatchery  
  59  5:34  Evolution Chamber  
  58  5:36  Extractor  
  58  5:38  Overseer  
  57  5:47  Spore Crawler  
  57  5:48  Hydralisk x2  
  57  5:49  Hydralisk x2  
  60  6:02  Zerg Ground Armor Level 1  
  55  6:31  Drone x3  
  55  6:32  Drone x3  
  61  6:34  Queen  
  63  6:49  Queen  
  65  6:54  Drone  
  65  6:55  Drone x3  
  69  7:03  Extractor  
  69  7:06  Extractor  
  67  7:13  Overlord x2  
  67  7:14  Overlord x2  
  67  7:15  Overlord  
  67  7:24  Hatchery  
  66  7:32  Drone  
  66  7:35  Drone x4  
  71  7:37  Drone  
  71  7:38  Drone x2  
  71  7:42  Queen  
  76  7:57  Grooved Spines  
  76  7:58  Spore Crawler  
  69  8:06  Hydralisk x7  
  69  8:07  Hydralisk x4  
  87  8:30  Drone x7  
  94  8:48  Zerg Ground Armor Level 2, Zerg Missile Weapons Level 2  
  94  8:50  Hatchery  
  94  8:54  Infestation Pit  
  92  9:00  Spore Crawler  
  91  9:06  Drone x2  
  91  9:09  Muscular Augments, Drone  
  94  9:10  Drone x13  
  107  9:29  Hatchery  
  107  9:31  Hive, Extractor  
  106  9:35  Extractor  
  92  10:01  Hydralisk x14  
  92  10:02  Hydralisk  
  108  10:21  Spore Crawler, Hydralisk x8  
  108  10:24  Spore Crawler  
  120  10:42  Drone  
  116  10:58  Overlord x5  
  116  10:59  Overlord x3  
  116  11:05  Drone x7  
  123  11:18  Hatchery  
  122  11:34  Drone x8  
  122  11:35  Drone x6  
  136  11:45  Hydralisk x9  
  154  12:01  Zerg Ground Armor Level 3, Zerg Missile Weapons Level 3  
  154  12:03  Spire  
  154  12:05  Spire  
  154  12:08  Hydralisk x7  
  166  12:38  Hydralisk x10  
  166  12:43  Hatchery  
  185  12:47  Extractor x2  
  141  13:13  Hydralisk x12  
  141  13:14  Hydralisk x2  
  141  13:19  Hydralisk, Drone x2  
  139  13:41  Hydralisk x3  
  139  13:42  Hydralisk x6  
  106  14:04  Hydralisk x8  
  106  14:06  Hydralisk  
  116  14:10  Hydralisk  
  116  14:11  Hydralisk  
  90  14:25  Hydralisk x6  
  90  14:26  Hydralisk  
  86  14:46  Hydralisk x7  
  90  14:59  Hydralisk x5  
  88  15:11  Pneumatized Carapace  
  80  15:19  Hatchery  
  69  15:21  Hatchery  
  69  15:27  Spawning Pool  
Show
View Real Time Build Order
Export as new Build Order

tigro Terran 

Build Orders:  

Get SALT Encoding   

  12  0:03  SCV  
  13  0:15  SCV  
  14  0:27  Supply Depot  
  14  0:29  SCV  
  15  0:37  Refinery  
  15  0:49  SCV  
  16  0:56  Barracks  
  16  1:03  SCV  
  17  1:15  Refinery  
  17  1:16  SCV  
  18  1:28  SCV  
  19  1:36  Supply Depot  
  19  1:40  SCV  
  19  1:44  Marine  
  21  1:52  SCV  
  22  2:02  Marine  
  22  2:04  SCV  
  22  2:07  Barracks  
  24  2:17  Factory  
  24  2:20  Marine  
  24  2:21  Orbital Command  
  25  2:38  Marine  
  26  2:56  Marine  
  26  2:57  Barracks Tech Lab  
  26  2:58  Engineering Bay  
  27  3:12  Factory Tech Lab  
  27  3:31  Starport  
  27  3:34  Barracks Tech Lab  
  27  3:36  Combat Shield  
  27  3:38  Terran Infantry Weapons Level 1  
  27  3:59  Stimpack  
  27  4:12  Command Center  
  27  4:23  Missile Turret  
  27  4:45  Missile Turret, Marine  
  27  4:46  Marine  
  27  4:51  Refinery  
  29  4:53  Medivac  
  29  4:54  Concussive Shells  
  31  5:03  Marine x2  
  33  5:07  Missile Turret  
  33  5:21  Marine x2  
  33  5:23  Starport Tech Lab  
  33  5:26  Refinery  
  35  5:29  Siege Tank  
  35  5:33  Terran Infantry Armor Level 1  
  38  5:38  SCV  
  38  5:39  Marine x2  
  38  5:41  Missile Turret  
  41  5:50  SCV  
  42  6:02  SCV  
  43  6:15  SCV  
  44  6:27  SCV  
  45  6:50  SCV  
  46  7:02  SCV  
  47  7:15  SCV, Fusion Core  
  48  7:27  SCV, Marine x2, Neosteel Armor  
  51  7:33  Siege Tank  
  51  7:36  Viking  
  56  7:39  SCV  
  57  7:45  Marine x2  
  57  7:51  SCV  
  60  8:02  Marine x2  
  62  8:05  Armory  
  62  8:06  Supply Depot  
  62  8:27  Marine x2, Banshee  
  62  8:29  Supply Depot  
  67  8:45  Marine x2  
  67  8:47  Planetary Fortress  
  69  9:07  Thor, Hi-Sec Auto Tracking  
  75  9:19  Battlecruiser  
  81  9:43  Marine x2  
  83  10:01  Marine x2  
  79  10:19  Marine x2  
  67  10:24  Battlecruiser  
  52  10:37  Marine x2  
  54  10:55  Marine x2  
  56  11:07  Thor  
  62  11:12  Marine  
  62  11:13  Marine  
  64  11:28  Medivac  
  64  11:30  Marine x2  
  68  11:33  Command Center  
  68  11:48  Marine x2  
  68  11:50  Thor  
  76  11:57  Medivac  
  78  12:06  Marine x2  
  80  12:18  Missile Turret  
  80  12:24  Marine x2  
  80  12:28  Battlecruiser  
  88  12:32  Thor  
  94  12:38  Missile Turret  
  94  12:44  Marine x2  
  96  13:00  Missile Turret  
  96  13:01  Refinery  
  96  13:02  Marine x2  
  98  13:10  Weapon Refit  
  98  13:15  Thor  
  98  13:17  Terran Infantry Weapons Level 2  
  104  13:20  Marine x2  
  104  13:22  Terran Vehicle Weapons Level 1  
  103  13:32  Battlecruiser  
  83  13:38  Marine x2  
  66  13:56  Marine x2  
  66  13:58  Thor  
  59  14:14  Marine x2  
  52  14:31  Marine x2  
  58  14:49  Marine x2  
  47  15:07  Marine  
  44  15:38  Supply Depot  
  20  15:58  Engineering Bay  
  20  16:01  Supply Depot  
  20  16:11  Refinery  
Tags
 
Add a new tag
Caveats
  • Supply blocks, unpowered buildings, or Contaminate may cause inaccurate times.
  • Supply counts are checked every 10 seconds.